 Dungeon Crawl Stone Soup version 0.29.0-4-gdea44cf6ec (webtiles) character file.

Game seed: 15459687422579378208

169036 qw the Warrior (level 17, 0/252 HPs)
             Began as a Minotaur Berserker on Sept 8, 2022.
             Was an Elder of Trog.
             Slain by a spark wasp (4 damage)
             ... on level 4 of the Spider Nest.
             The game lasted 00:12:27 (35814 turns).

qw the Warrior (Minotaur Berserker)                Turns: 35814, Time: 00:12:27

Health: 0/252      AC: 17    Str: 52      XL:     17   Next: 34%
Magic:  16/16      EV: 12    Int:  2 (3)  God:    Trog [****..]
Gold:   1998       SH: 19    Dex: 11 (13) Spells: 16/16 levels left

rFire   + + +      SeeInvis .   k - +7 war axe of False Accusations {vorpal, rF+ rC+ Will- Str+7}
rCold   + . .      Faith    .   q - +1 kite shield {AC+3}
rNeg    + . .      Spirit   .   p - +3 plate armour {rPois}
rPois   +          Reflect  +   (helmet restricted)
rElec   +          Harm     .   v - +2 ratskin cloak {*Rats rPois rN+ Str-1 Int-1 Dex+1}
rCorr   +          Rampage  .   d - +2 pair of gloves {Str+3}
Will    .....                   z - +0 pair of boots
Stlth   ..........              f - amulet of reflection
HPRegen 0.52/turn               i - ring of the Turtle {Fire Fly Str+8 Dex-3}
MPRegen 0.15/turn               A - ring "Masu" {Str+6 Dex+4}

@: berserking (expiring), resistant, corroded, flying, slowed
A: horns 2, retaliatory headbutt
a: Renounce Religion, Berserk, Trog's Hand, Brothers in Arms


You were on level 4 of the Spider Nest.
You worshipped Trog.
Trog was greatly pleased with you.
You visited 5 branches of the dungeon, and saw 29 of its levels.
You also visited: Ossuary.

You collected 3295 gold pieces.
You spent 1297 gold pieces at shops.


Innate Abilities, Weirdness & Mutations

You have a pair of horns on your head.
You reflexively headbutt those who attack you in melee.


   Skills:
 - Level 19.0 Fighting
 - Level 18.0 Axes
 - Level 9.0 Throwing
 + Level 17.3 Armour
 - Level 10.0 Dodging
 - Level 17.0 Shields


You had 16 spell levels left.
You didn't know any spells.
Your spell library was empty.

Inventory:

Hand Weapons
 k - the +7 war axe of False Accusations (weapon) {vorpal, rF+ rC+ Will- Str+7}
   (Trog gifted it to you on level 11 of the Dungeon)

   It inflicts extra damage upon your enemies.
   Str:       It affects your strength (+7).
   rF:        It protects you from fire.
   rC:        It protects you from cold.
   Will:      It decreases your willpower.
 B - a +1 broad axe of flaming
Missiles
 b - 20 boomerangs
 n - 4 javelins (quivered)
Armour
 d - a +2 pair of gloves of strength (worn)
 e - a +2 cloak
 l - the +0 kite shield of the Fife {rPois}
   (You found it on level 1 of the Spider Nest)

   rPois:     It protects you from poison.
 p - a +3 plate armour of poison resistance (worn)
 q - a +1 kite shield of protection (worn)
 v - the +2 ratskin cloak (worn) {*Rats rPois rN+ Str-1 Int-1 Dex+1}
   (You found it on level 6 of the Dungeon)

   When the wearer is hurt, rats may emerge from it to assist them.
   Str:       It affects your strength (-1).
   Int:       It affects your intelligence (-1).
   Dex:       It affects your dexterity (+1).
   rPois:     It protects you from poison.
   rN:        It protects you from negative energy.
 w - a +1 chain mail of fire resistance
 z - a +0 pair of boots (worn)
Jewellery
 c - a ring of poison resistance
 f - an amulet of reflection (around neck)
 i - the ring of the Turtle (left hand) {Fire Fly Str+8 Dex-3}
   (You took it off a centaur warrior on level 10 of the Dungeon)

   [ring of fire]

   It enhances your fire magic.
   Str:       It affects your strength (+8).
   Dex:       It affects your dexterity (-3).
   rF:        It protects you from fire.
   rC:        It makes you vulnerable to cold.
   Fly:       It grants you flight.
 r - a ring of protection from fire
 A - the ring "Masu" (right hand) {Str+6 Dex+4}
   (You bought it in a shop on level 2 of the Orcish Mines)

   [ring of strength]

   Str:       It affects your strength (+6).
   Dex:       It affects your dexterity (+4).
 Y - a +4 ring of protection
Scrolls
 m - 17 scrolls of identify
 t - a scroll of enchant weapon
 u - 6 scrolls of teleportation
Potions
 a - a potion of resistance
 g - 4 potions of mutation
 h - 6 potions of might
 j - 5 potions of haste
 o - 3 potions of curing
 s - 8 potions of heal wounds
 x - a potion of cancellation

Dungeon Overview and Level Annotations

Branches:
Dungeon (15/15)            Temple (0/1) D:4            Lair (5/5) D:10
  Swamp (3/4) Lair:2       Spider (4/4) Lair:2        Slime (0/5) Lair:5
    Orc (2/2) D:11            Elf (0/3) Orc:2        Vaults (0/5) D:13
 Depths (0/4) D:15        Ossuary (visited)

Altars:
Elyvilon
Kikubaaqudgha
Makhleb
Okawaru
Xom
Zin
Jiyva
Lugonu

Shops:
D:3 (   D:6 :   Orc:2 =((([

Portals:
Abyss: Lair:5

Annotations:
D:7 2 transporters, Grum
Lair:1 3 runed translucent doors, qw's ghost, novice TeWr
Swamp:2 1 runed translucent door, qw's ghost, adept MiBe


Message History

The meliai is severely wounded.
You slice the demonic crawler!! You slash the meliai!
You block the meliai's attack. The meliai closely misses you.
The meliai calls down the wrath of its god upon you.
Something smites you! You block the demonic crawler's attack.
The demonic crawler hits you! The demonic crawler barely misses you.
Your hell rat closely misses the meliai.
You slice the meliai!!
You kill the meliai!
Trog accepts your kill.
You hit the demonic crawler. You slice the meliai!!
You kill the meliai!
Trog accepts your kill.
The entropy weaver points at you and mumbles some strange words.
The entropic weave corrodes you!
The demonic crawler hits you but does no damage.
The demonic crawler hits you. You block the demonic crawler's attack.
The torpor snail briefly extends its eye-stalks.
The spark wasp barely misses you.
You slice the demonic crawler!!
You kill the demonic crawler!
Trog accepts your kill.
You slice the spark wasp!! You completely miss the spark wasp.
You rip and tear the barbed spikes from your body.
The spark wasp stings you but does no damage.
Your hell rat barely misses the spark wasp.
A demonic crawler comes into view.
The spark wasp stings you! The spark wasp shocks you. You resist.
You closely miss the spark wasp. You headbutt the spark wasp!!
The spark wasp is severely wounded.
You hit the spark wasp. You block the spark wasp's attack.
The demonic crawler shrieks in warning!
The spark wasp barely misses you. You furiously retaliate!
You headbutt the spark wasp!
A jumping spider comes into view.
The entropy weaver gestures at you while chanting.
Your hell rat bites the spark wasp.
The spark wasp stings you. The spark wasp shocks you. You resist.
You die...

#...
#...
#......
#......
####
#.^....
##..##
#..##^..
##....##
#.. ####
#.wr...#
#.y@..#
#BBy####


#BsB # #..BB # .....B . ......s . ......s .##.... You could see an emperor
scorpion, 7 entropy weavers, 2 spark wasps, a torpor snail, a demonic crawler
(catching breath), a jumping spider and a friendly hell rat (slow).

Vanquished Creatures
  Jorgrun (Swamp:3)
  Frances (D:12)
  Donald (Spider:2)
  Roxanne (Spider:2)
  3 emperor scorpions
  A fire giant (D:15)
  4 ghost moths
  3 entropy weavers
  3 eleionomae
  Snorg (D:13)
  16 hydras
  6 centaur warriors
  5 boulder beetles
  Harold (Lair:2)
  A radroach (Spider:3)
  A jorogumo (Spider:2)
  2 alligators (Swamp:2)
  3 two-headed ogres
  11 death yaks
  3 orc high priests (Orc:2)
  Urug (Orc:2)
  Sonja (D:12)
  4 thrashing horrors (Lair:5)
  4 pharaoh ants
  3 orb spiders
  4 goliath frogs
  3 skeletal warriors (D:13)
  9 steelbarb worms
  2 spriggan druids
  A swamp dragon (Swamp:1)
  5 bog bodies
  A deep elf pyromancer (D:14)
  4 wolf spider zombies (Spider:1)
  2 orc knights
  A deep elf zephyrmancer (D:13)
  A necromancer (Spider:1)
  A wizard (D:13)
  17 ugly things
  4 orc sorcerers
  16 wolf spiders
  2 moths of wrath
  4 will-o-the-wisps
  6 cyclopes
  4 elephants (Lair:5)
  6 black mambas
  7 cane toads
  2 torpor snails
  A guardian serpent (shapeshifter) (D:15)
  2 rime drakes (Lair:4)
  13 komodo dragons
  2 efreet
  6 demonic crawlers
  3 redback zombies (Spider:1)
  2 freezing wraiths (D:14)
  An ancient zyme (Lair:5)
  A kobold demonologist (D:12)
  7 trolls
  A queen bee (D:14)
  4 tyrant leeches
  A blink frog (shapeshifter) (Lair:5)
  A polar bear (Lair:1)
  A hornet (shapeshifter) (D:13)
  8 meliai
  17 tarantellas
  14 hornets
  13 tarantella zombies (Spider:1)
  2 culicivora zombies (Spider:1)
  14 slime creatures
  14 blink frogs
  5 dream sheep
  Sigmund (D:6)
  A vampire (D:12)
  A centaur simulacrum (D:15)
  A water elemental (D:15)
  23 jumping spiders
  A shadow (D:11)
  3 ynoxinuls (Lair:5)
  10 culicivoras
  13 spriggans
  2 wraiths
  4 wyverns
  A basilisk (shapeshifter) (D:15)
  42 yaks
  2 chaos spawn (Lair:5)
  16 vampire mosquitoes
  5 steam dragons
  26 redbacks
  8 basilisks
  Edmund (D:6)
  12 swamp worms
  Menkaure (D:6)
  A warg (D:15)
  9 water moccasins
  3 acid dragons
  23 orc warriors
  2 ice beasts
  3 sky beasts
  6 swamp drakes
  4 ogres
  14 wolves
  8 centaurs
  A wolf (shapeshifter) (Lair:5)
  A phantom (D:6)
  3 kobold brigands
  12 bullfrogs
  A gnoll sergeant (D:10)
  10 small abominations (Lair:5)
  3 scorpions
  22 wights
  28 killer bees
  6 electric eels
  12 howler monkeys
  A crimson imp (D:5)
  5 jellies
  A hound (D:7)
  15 orc priests
  A gnoll bouda (D:5)
  2 iguanas
  29 orc wizards
  A hell rat (Lair:1)
  9 mummies
  11 gnolls
  5 adders
  4 white imps
  2 ufetubi
  A worm (D:2)
  2 dart slugs
  112 orcs
  7 ball pythons
  4 bats
  11 endoplasms
  5 giant cockroaches
  3 gnoll zombies (Ossuary)
  8 goblins
  8 hobgoblins
  2 jackals (D:1)
  12 kobolds
  5 quokkas
  2 frilled lizards (D:1)
  2 hobgoblin zombies (Ossuary)
  A kobold zombie (Ossuary)
  2 orc zombies (Ossuary)
  4 rats
  A butterfly (Lair:4)
940 creatures vanquished.

Vanquished Creatures (collateral kills)
  An orc warlord (Orc:2)
  Nessos (D:15)
  An ettin (Orc:2)
  A hydra (D:12)
  A boulder beetle (Spider:4)
  Erica (D:11)
  A pharaoh ant (Spider:2)
  3 orb spiders
  A moth of wrath (Spider:3)
  Maurice (D:11)
  A gargoyle (D:12)
  A demonic crawler (Spider:4)
  A tarantella (Spider:2)
  4 blink frogs (Lair:1)
  A jumping spider (Spider:2)
  2 culicivoras (Spider:3)
  A wyvern (D:7)
  2 yaks
  3 redbacks (Spider:2)
  2 orc warriors
  An orc wizard (Orc:2)
  5 hell rats (Lair:1)
  3 orcs
39 creatures vanquished.

Vanquished Creatures (others)
  A water elemental (D:13)
  11 foxfires
  28 fungi
  72 plants
  2 withered plants (Swamp:2)
114 creatures vanquished.

Grand Total: 1093 creatures vanquished

Notes
Turn   | Place    | Note
-------+----------+-------------------------------------------
     0 | D:1      | qw the Minotaur Berserker began the quest for the Orb.
     0 | D:1      | Reached XP level 1. HP: 19/19 MP: 0/0
     0 | D:1      | 0 ||| qw: Version: 0.1-a-111-g1c1fd2e
     0 | D:1      | 0 ||| qw: Game counter: 6627
     0 | D:1      | 0 ||| qw: Always use a shield: true
     0 | D:1      | 0 ||| qw: Do Orc after D:15 true
     0 | D:1      | 0 ||| qw: Do second Lair branch before Depths: true
     0 | D:1      | 0 ||| qw: Lair rune preference: random
     0 | D:1      | 0 ||| qw: Plans: Normal
     0 | D:1      | 0 ||| PLANNING D:1-11
   427 | D:1      | 427 ||| Stepping ~*~*~tactically~*~*~ (stealth).
   429 | D:1      | 429 ||| Stepping ~*~*~tactically~*~*~ (stealth).
   430 | D:1      | 430 ||| Stepping ~*~*~tactically~*~*~ (stealth).
   432 | D:1      | 432 ||| Stepping ~*~*~tactically~*~*~ (stealth).
   445 | D:1      | Reached XP level 2. HP: 20/26 MP: 1/1
   448 | D:1      | 448 ||| INVOKING Berserk.
   640 | D:1      | 640 ||| Stepping ~*~*~tactically~*~*~ (stealth).
   652 | D:1      | 652 ||| Stepping ~*~*~tactically~*~*~ (stealth).
   666 | D:1      | 666 ||| Stepping ~*~*~tactically~*~*~ (stealth).
   751 | D:1      | 751 ||| Stepping ~*~*~tactically~*~*~ (stealth).
   752 | D:1      | 752 ||| Stepping ~*~*~tactically~*~*~ (stealth).
   790 | D:1      | 790 ||| Stepping ~*~*~tactically~*~*~ (stealth).
   862 | D:1      | 862 ||| INVOKING Berserk.
   865 | D:1      | Reached XP level 3. HP: 31/31 MP: 2/2
  1291 | D:1      | 1291 ||| UPGRADING to +0 leather armour.
  1301 | D:1      | 1301 ||| DROPPING +0 animal skin.
  1302 | D:1      | 1302 ||| UPGRADING to ring of see invisible.
  1303 | D:1      | 1303 ||| READING scroll labelled VUADEGHO CIHENNOST.
  1303 | D:1      | Identified a scroll of acquirement
  1303 | D:1      | 1303 ||| ACQUIRING ring "Gitischu" {Fly rElec Will+}
  1303 | D:1      | Acquired the ring "Gitischu" {Fly rElec Will+}
  1305 | D:1      | 1305 ||| UPGRADING to ring "Gitischu" {Fly rElec Will+}.
  1306 | D:1      | 1306 ||| READING scroll labelled TETOYDOCVEL.
  1307 | D:1      | 1307 ||| READING scroll labelled BER EZORCHEUXOI.
  1308 | D:1      | 1308 ||| READING scroll labelled KOPNOEBETI.
  1309 | D:1      | 1309 ||| DRINKING 2 fizzy orange potions.
  1310 | D:1      | 1310 ||| DROPPING potion of flight.
  1497 | D:2      | Reached ** piety under Trog
  1518 | D:2      | 1518 ||| INVOKING Berserk.
  1582 | D:2      | 1582 ||| Stepping ~*~*~tactically~*~*~ (stealth).
  1587 | D:2      | Reached skill level 6 in Axes
  1587 | D:2      | Reached XP level 4. HP: 39/39 MP: 3/3
  1791 | D:2      | Found a faded altar of an unknown god.
  1808 | D:2      | 1808 ||| UPGRADING to +0 scale mail.
  1818 | D:2      | 1818 ||| DROPPING +0 leather armour.
  1819 | D:2      | 1819 ||| UPGRADING to amulet of reflection.
  1824 | D:2      | 1824 ||| READING scroll labelled DOHUCZ YCITSOE.
  1825 | D:2      | 1825 ||| READING scroll labelled ITOUPYOSEORR.
  1826 | D:2      | 1826 ||| READING scroll labelled QIOPHE ZOERGHIA.
  1827 | D:2      | 1827 ||| READING scroll labelled HERE COIKU.
  1828 | D:2      | 1828 ||| READING 2 scrolls of identify.
  1828 | D:2      | 1828 ||| IDENTIFYING fizzy green potion
  1867 | D:3      | 1867 ||| DROPPING +0 club.
  1905 | D:3      | 1905 ||| DROPPING +0 flail.
  2195 | D:3      | Found Teib's Weapon Shoppe.
  2205 | D:3      | 2205 ||| SHOPLISTING +2 vampiric war axe (225 gold, have
                  | 70).
  2216 | D:3      | 2216 ||| READING scroll of enchant weapon.
  2216 | D:3      | 2216 ||| ENCHANTING +1 vampiric hand axe.
  2315 | D:3      | 2315 ||| UPGRADING to +4 ring of protection.
  2317 | D:3      | 2317 ||| READING scroll labelled XASTOT KUHIG.
  2450 | D:3      | 2450 ||| READING 3 scrolls of identify.
  2450 | D:3      | 2450 ||| IDENTIFYING viscous ruby potion
  2451 | D:3      | 2451 ||| READING 2 scrolls of identify.
  2451 | D:3      | 2451 ||| IDENTIFYING emerald potion
  2462 | D:4      | 2462 ||| PLANNING OSSUARY
  2519 | D:4      | Found a sand-covered staircase.
  2577 | Ossuary  | Entered an ossuary
  2624 | Ossuary  | 2624 ||| INVOKING Berserk.
  2625 | Ossuary  | HP: 12/58 [mummy (10)]
  2626 | Ossuary  | Reached XP level 5. HP: 14/45 MP: 4/4
  2628 | Ossuary  | Reached skill level 4 in Fighting
  2945 | Ossuary  | Reached *** piety under Trog
  2993 | Ossuary  | 2993 ||| READING scroll labelled COYRITW FYILAO.
  2996 | Ossuary  | 2996 ||| READING scroll labelled GUSTRA ATRU.
  2997 | Ossuary  | 2997 ||| DRINKING 2 amethyst potions.
  2998 | Ossuary  | 2998 ||| DRINKING 2 black potions.
  2999 | Ossuary  | 2999 ||| DRINKING 2 puce potions.
  3000 | Ossuary  | 3000 ||| DRINKING 3 lumpy sapphire potions.
  3037 | Ossuary  | 3037 ||| DROPPING potion of brilliance.
  3038 | Ossuary  | 3038 ||| DROPPING potion of degeneration.
  3039 | Ossuary  | 3039 ||| DROPPING 2 potions of lignification.
  3058 | D:4      | 3058 ||| PLANNING D:1-11
  3164 | D:4      | Found a staircase to the Ecumenical Temple.
  3474 | D:4      | Reached XP level 6. HP: 52/52 MP: 5/5
  3476 | D:4      | 3476 ||| INVOKING Berserk.
  3650 | D:4      | 3650 ||| INVOKING Berserk.
  3898 | D:4      | 3898 ||| Stepping ~*~*~tactically~*~*~ (stealth).
  3901 | D:4      | 3901 ||| Stepping ~*~*~tactically~*~*~ (stealth).
  3904 | D:4      | 3904 ||| INVOKING Berserk.
  3906 | D:4      | Reached skill level 9 in Axes
  3925 | D:4      | 3925 ||| Stepping ~*~*~tactically~*~*~ (stealth).
  4405 | D:4      | 4405 ||| READING scroll labelled CEXANE XOFI.
  4406 | D:4      | 4406 ||| READING scroll labelled DENUMOU KOSM.
  4407 | D:4      | 4407 ||| DRINKING 2 murky clear potions.
  4455 | D:5      | Entered Level 5 of the Dungeon
  4490 | D:5      | 4490 ||| Stepping randomly (stuck).
  4519 | D:5      | Reached skill level 5 in Fighting
  4519 | D:5      | Reached XP level 7. HP: 58/61 MP: 6/6
  4751 | D:5      | 4751 ||| INVOKING Berserk.
  4836 | D:5      | 4836 ||| INVOKING Berserk.
  5060 | D:5      | 5060 ||| Stepping ~*~*~tactically~*~*~ (stealth).
  5158 | D:5      | Found an ancient bone altar of Kikubaaqudgha.
  5160 | D:5      | Found a glowing silver altar of Zin.
  5216 | D:5      | 5216 ||| Stepping ~*~*~tactically~*~*~ (hiding).
  5220 | D:5      | 5220 ||| DRINKING 3 potions of curing.
  5220 | D:5      | 5220 ||| (to cure confusion)
  5363 | D:5      | Found a white marble altar of Elyvilon.
  5417 | D:5      | Found a burning altar of Makhleb.
  5438 | D:5      | 5438 ||| Stepping ~*~*~tactically~*~*~ (hiding).
  5549 | D:5      | 5549 ||| Stepping ~*~*~tactically~*~*~ (stealth).
  5553 | D:5      | 5553 ||| Stepping ~*~*~tactically~*~*~ (stealth).
  5634 | D:5      | 5634 ||| Stepping ~*~*~tactically~*~*~ (hiding).
  5635 | D:5      | 5635 ||| Stepping ~*~*~tactically~*~*~ (hiding).
  5645 | D:5      | Reached XP level 8. HP: 70/70 MP: 7/7
  5713 | D:5      | 5713 ||| UPGRADING to +0 pair of gloves.
  5718 | D:5      | 5718 ||| UPGRADING to +1 kite shield of protection.
  5723 | D:5      | 5723 ||| UPGRADING to +0 chain mail.
  5733 | D:5      | 5733 ||| DROPPING +0 scale mail.
  5734 | D:5      | 5734 ||| DROPPING ring of magical power.
  5782 | D:6      | 5782 ||| STAIRDANCE
  5786 | D:5      | Reached skill level 1 in Shields
  5811 | D:6      | 5811 ||| Stepping ~*~*~tactically~*~*~ (hiding).
  5821 | D:6      | Reached **** piety under Trog
  5836 | D:6      | 5836 ||| INVOKING Berserk.
  5840 | D:6      | Reached skill level 3 in Shields
  5978 | D:6      | Found Laibiv's Book Emporium.
  5983 | D:6      | 5983 ||| Stepping ~*~*~tactically~*~*~ (stealth).
  6106 | D:6      | Noticed a white ugly thing
  6107 | D:6      | 6107 ||| INVOKING Berserk.
  6115 | D:6      | Killed a white ugly thing
  6117 | D:6      | Reached skill level 3 in Armour
  6408 | D:6      | Noticed Menkaure
  6412 | D:6      | 6412 ||| INVOKING Berserk.
  6416 | D:6      | Killed Menkaure
  6417 | D:6      | Reached skill level 6 in Fighting
  6558 | D:6      | Noticed Sigmund
  6559 | D:6      | 6559 ||| Stepping ~*~*~tactically~*~*~ (stealth).
  6561 | D:6      | 6561 ||| Stepping ~*~*~tactically~*~*~ (stealth).
  6570 | D:6      | 6570 ||| Stepping ~*~*~tactically~*~*~ (hiding).
  6573 | D:6      | 6573 ||| INVOKING Berserk.
  6575 | D:6      | Killed Sigmund
  6576 | D:6      | Reached XP level 9. HP: 78/78 MP: 8/8
  6860 | D:6      | Found a shimmering altar of Xom.
  6869 | D:6      | Noticed Edmund
  6871 | D:6      | 6871 ||| INVOKING Berserk.
  6876 | D:6      | Killed Edmund
  6983 | D:6      | Found the +2 ratskin cloak {*Rats rPois rN+ Str-1 Int-1
                  | Dex+1}
  7023 | D:6      | 7023 ||| INVOKING Berserk.
  7041 | D:6      | 7041 ||| Stepping ~*~*~tactically~*~*~ (cloud).
  7242 | D:6      | 7242 ||| UPGRADING to +1 pair of gloves of strength.
  7252 | D:6      | 7252 ||| DROPPING +0 pair of gloves.
  7253 | D:6      | 7253 ||| UPGRADING to +2 ratskin cloak {*Rats rPois rN+
                  | Str-1 Int-1 Dex+1}.
  7258 | D:6      | 7258 ||| READING 4 scrolls of identify.
  7258 | D:6      | 7258 ||| IDENTIFYING metallic yellow potion
  7376 | D:7      | 7376 ||| Stepping ~*~*~tactically~*~*~ (stealth).
  7471 | D:7      | 7471 ||| Stepping ~*~*~tactically~*~*~ (stealth).
  7473 | D:7      | 7473 ||| Stepping ~*~*~tactically~*~*~ (hiding).
  7477 | D:7      | 7477 ||| INVOKING Berserk.
  7487 | D:7      | 7487 ||| Stepping ~*~*~tactically~*~*~ (hiding).
  7605 | D:7      | Found a transporter.
  7605 | D:7      | Noticed Grum
  7614 | D:7      | Identified the +0 buckler "Unwerph" {rN+ Str+4}
  7669 | D:7      | 7669 ||| Stepping ~*~*~tactically~*~*~ (hiding).
  7715 | D:7      | 7715 ||| Stepping ~*~*~tactically~*~*~ (stealth).
  7736 | D:7      | Reached skill level 12 in Axes
  7748 | D:7      | Reached skill level 7 in Fighting
  7905 | D:7      | Found a transporter.
  7930 | D:7      | Identified the amulet "Uvuquele" {RegenMP rF+ Will- Str+8
                  | Int-2}
  8222 | D:7      | 8222 ||| UPGRADING to +0 plate armour.
  8232 | D:7      | 8232 ||| DROPPING +0 chain mail.
  8233 | D:7      | 8233 ||| UPGRADING to +0 pair of boots.
  8238 | D:7      | 8238 ||| DROPPING ring "Gitischu" {Fly rElec Will+}.
  8239 | D:7      | 8239 ||| READING scroll labelled MAKHIL JANUIRAT.
  8240 | D:7      | 8240 ||| READING 4 scrolls of identify.
  8240 | D:7      | 8240 ||| IDENTIFYING sapphire potion
  8241 | D:7      | 8241 ||| DROPPING potion of ambrosia.
  8280 | D:8      | 8280 ||| Stepping ~*~*~tactically~*~*~ (stealth).
  8292 | D:8      | Reached skill level 6 in Armour
  8473 | D:8      | Reached skill level 9 in Shields
  8477 | D:8      | Reached XP level 10. HP: 86/86 MP: 9/9
  8609 | D:8      | Found an iron altar of Okawaru.
  8665 | D:8      | 8665 ||| Stepping ~*~*~tactically~*~*~ (hiding).
  8671 | D:8      | 8671 ||| INVOKING Berserk.
  8828 | D:8      | 8828 ||| Stepping ~*~*~tactically~*~*~ (hiding).
  8860 | D:8      | 8860 ||| Stepping ~*~*~tactically~*~*~ (stealth).
  8863 | D:8      | 8863 ||| INVOKING Berserk.
  9081 | D:8      | 9081 ||| READING scroll labelled UNGELA POYPS.
  9212 | D:9      | 9212 ||| Stepping ~*~*~tactically~*~*~ (hiding).
  9243 | D:9      | 9243 ||| Stepping ~*~*~tactically~*~*~ (stealth).
  9254 | D:9      | Reached skill level 8 in Fighting
  9265 | D:9      | 9265 ||| Stepping ~*~*~tactically~*~*~ (hiding).
  9266 | D:9      | 9266 ||| Stepping ~*~*~tactically~*~*~ (hiding).
  9351 | D:9      | Reached ***** piety under Trog
  9393 | D:9      | 9393 ||| Stepping ~*~*~tactically~*~*~ (stealth).
  9395 | D:9      | 9395 ||| Stepping ~*~*~tactically~*~*~ (hiding).
  9399 | D:9      | 9399 ||| INVOKING Berserk.
  9406 | D:9      | Reached skill level 3 in Throwing
  9536 | D:9      | 9536 ||| Stepping ~*~*~tactically~*~*~ (stealth).
  9538 | D:9      | 9538 ||| Stepping ~*~*~tactically~*~*~ (stealth).
  9546 | D:9      | 9546 ||| Stepping ~*~*~tactically~*~*~ (stealth).
  9547 | D:9      | 9547 ||| Stepping ~*~*~tactically~*~*~ (stealth).
  9548 | D:9      | 9548 ||| Stepping ~*~*~tactically~*~*~ (stealth).
  9550 | D:9      | 9550 ||| Stepping ~*~*~tactically~*~*~ (stealth).
  9565 | D:9      | Reached skill level 3 in Dodging
  9569 | D:9      | 9569 ||| Stepping ~*~*~tactically~*~*~ (stealth).
  9571 | D:9      | 9571 ||| Stepping ~*~*~tactically~*~*~ (stealth).
  9572 | D:9      | 9572 ||| Stepping ~*~*~tactically~*~*~ (stealth).
  9578 | D:9      | 9578 ||| Stepping ~*~*~tactically~*~*~ (stealth).
  9588 | D:9      | 9588 ||| Stepping ~*~*~tactically~*~*~ (hiding).
  9600 | D:9      | 9600 ||| INVOKING Berserk.
  9757 | D:9      | 9757 ||| Stepping ~*~*~tactically~*~*~ (stealth).
  9758 | D:9      | 9758 ||| Stepping ~*~*~tactically~*~*~ (stealth).
  9775 | D:9      | Noticed a two-headed ogre
  9778 | D:9      | 9778 ||| INVOKING Berserk.
  9781 | D:9      | Killed a two-headed ogre
  9782 | D:9      | Reached XP level 11. HP: 94/94 MP: 10/10
  9789 | D:9      | 9789 ||| DRINKING 4 potions of curing.
  9789 | D:9      | 9789 ||| (to cure confusion)
  9790 | D:9      | 9790 ||| INVOKING Brothers in Arms.
 10029 | D:9      | 10029 ||| INVOKING Berserk.
 10332 | D:9      | 10332 ||| Stepping ~*~*~tactically~*~*~ (stealth).
 10337 | D:9      | 10337 ||| DRINKING 3 potions of curing.
 10337 | D:9      | 10337 ||| (to cure confusion)
 10403 | D:9      | Noticed a centaur warrior
 10404 | D:9      | 10404 ||| Stepping ~*~*~tactically~*~*~ (hiding).
 10413 | D:9      | Killed a centaur warrior
 10426 | D:9      | 10426 ||| Stepping ~*~*~tactically~*~*~ (hiding).
 10441 | D:9      | 10441 ||| DRINKING 2 potions of curing.
 10441 | D:9      | 10441 ||| (to cure confusion)
 10457 | D:9      | 10457 ||| Stepping ~*~*~tactically~*~*~ (stealth).
 10465 | D:9      | Reached skill level 9 in Fighting
 10766 | D:10     | Entered Level 10 of the Dungeon
 10806 | D:10     | 10806 ||| INVOKING Berserk.
 10810 | D:10     | Reached skill level 9 in Armour
 10946 | D:10     | Noticed a white ugly thing
 10947 | D:10     | 10947 ||| READING 4 scrolls of teleportation.
 10947 | D:10     | Identified the ring of the Turtle {Fire Fly Str+8 Dex-3}
 10947 | D:10     | Noticed a centaur warrior
 10952 | D:10     | 10952 ||| READING 3 scrolls of teleportation.
 10954 | D:10     | 10954 ||| INVOKING Berserk.
 10985 | D:10     | Killed a centaur warrior
 10992 | D:10     | 10992 ||| INVOKING Berserk.
 10998 | D:10     | Killed a white ugly thing
 11195 | D:10     | 11195 ||| Stepping ~*~*~tactically~*~*~ (hiding).
 11208 | D:10     | 11208 ||| Stepping ~*~*~tactically~*~*~ (hiding).
 11285 | D:10     | Reached skill level 10 in Fighting
 11371 | D:10     | 11371 ||| Stepping ~*~*~tactically~*~*~ (stealth).
 11377 | D:10     | 11377 ||| Stepping ~*~*~tactically~*~*~ (stealth).
 11400 | D:10     | Found a staircase to the Lair.
 11425 | D:10     | 11425 ||| Stepping ~*~*~tactically~*~*~ (stealth).
 11639 | D:10     | 11639 ||| Stepping ~*~*~tactically~*~*~ (stealth).
 11640 | D:10     | 11640 ||| Stepping ~*~*~tactically~*~*~ (stealth).
 11641 | D:10     | 11641 ||| Stepping ~*~*~tactically~*~*~ (stealth).
 11643 | D:10     | 11643 ||| Stepping ~*~*~tactically~*~*~ (hiding).
 11644 | D:10     | 11644 ||| Stepping ~*~*~tactically~*~*~ (hiding).
 11821 | D:10     | 11821 ||| PLANNING LAIR
 11821 | D:10     | 11821 ||| UPGRADING to ring of the Turtle {Fire Fly Str+8
                  | Dex-3}.
 11823 | D:10     | 11823 ||| READING scroll labelled MUKOTA TEOROEZ.
 11859 | Lair:1   | Entered Level 1 of the Lair of Beasts
 11886 | Lair:1   | 11886 ||| Stepping ~*~*~tactically~*~*~ (stealth).
 11891 | Lair:1   | 11891 ||| Stepping ~*~*~tactically~*~*~ (hiding).
 11896 | Lair:1   | 11896 ||| INVOKING Berserk.
 12044 | Lair:1   | 12044 ||| INVOKING Berserk.
 12047 | Lair:1   | Reached skill level 11 in Fighting
 12057 | Lair:1   | Noticed a six-headed hydra
 12058 | Lair:1   | Reached XP level 12. HP: 110/110 MP: 11/11
 12063 | Lair:1   | 12063 ||| INVOKING Brothers in Arms.
 12064 | Lair:1   | 12064 ||| INVOKING Brothers in Arms.
 12065 | Lair:1   | 12065 ||| SWAPPING to +2 hand axe of flaming.
 12077 | Lair:1   | Killed a one-headed hydra
 12078 | Lair:1   | Reached skill level 12 in Shields
 12078 | Lair:1   | 12078 ||| SWAPPING to +2 vampiric hand axe.
 12175 | Lair:1   | Found a runed translucent gate.
 12175 | Lair:1   | Found a runed translucent gate.
 12175 | Lair:1   | Found a runed translucent gate.
 12175 | Lair:1   | Noticed qw's ghost (novice TeWr)
 12267 | Lair:1   | 12267 ||| Stepping ~*~*~tactically~*~*~ (stealth).
 12267 | Lair:1   | Noticed a death yak
 12269 | Lair:1   | Noticed a death yak
 12270 | Lair:1   | Noticed a death yak
 12273 | Lair:1   | 12273 ||| INVOKING Berserk.
 12280 | Lair:1   | Killed a death yak
 12287 | Lair:1   | Killed a death yak
 12288 | Lair:1   | Reached skill level 12 in Fighting
 12296 | Lair:1   | Killed a death yak
 12377 | Lair:1   | 12377 ||| Stepping ~*~*~tactically~*~*~ (stealth).
 12893 | Lair:1   | 12893 ||| READING 3 scrolls of identify.
 12893 | Lair:1   | 12893 ||| IDENTIFYING ruby potion
 12911 | Lair:2   | Noticed Harold
 12911 | Lair:2   | Noticed a six-headed hydra
 12912 | Lair:2   | 12912 ||| STAIRDANCE
 12952 | Lair:2   | 12952 ||| STAIRDANCE
 12954 | Lair:1   | 12954 ||| INVOKING Brothers in Arms.
 12955 | Lair:1   | 12955 ||| SWAPPING to +2 hand axe of flaming.
 12956 | Lair:1   | 12956 ||| INVOKING Berserk.
 12959 | Lair:1   | Killed a three-headed hydra
 13070 | Lair:1   | 13070 ||| SWAPPING to +2 vampiric hand axe.
 13101 | Lair:2   | 13101 ||| INVOKING Berserk.
 13108 | Lair:2   | Killed Harold
 13109 | Lair:2   | 13109 ||| STAIRDANCE
 13250 | Lair:2   | 13250 ||| INVOKING Berserk.
 13456 | Lair:2   | 13456 ||| READING scroll of enchant weapon.
 13456 | Lair:2   | 13456 ||| ENCHANTING +2 vampiric hand axe.
 13491 | Lair:2   | 13491 ||| DRINKING potion of cancellation.
 13622 | Lair:2   | Found a hole to the Spider Nest.
 13624 | Lair:2   | 13624 ||| INVOKING Berserk.
 13758 | Lair:2   | 13758 ||| SWAPPING to +0 broad axe.
 13759 | Lair:2   | 13759 ||| DROPPING +3 vampiric hand axe.
 13760 | Lair:2   | 13760 ||| READING 2 scrolls of brand weapon.
 13760 | Lair:2   | 13760 ||| BRANDING +0 broad axe.
 13761 | Lair:2   | 13761 ||| READING scroll of brand weapon.
 13761 | Lair:2   | 13761 ||| BRANDING +0 broad axe of protection.
 13762 | Lair:2   | 13762 ||| DROPPING +2 hand axe of flaming.
 13852 | Lair:2   | 13852 ||| INVOKING Berserk.
 14181 | Lair:2   | Found a staircase to the Swamp.
 14346 | Lair:2   | 14346 ||| DROPPING amulet of faith.
 14347 | Lair:2   | 14347 ||| DRINKING 2 glowing cyan potions.
 14348 | Lair:2   | 14348 ||| READING 5 scrolls of identify.
 14348 | Lair:2   | 14348 ||| IDENTIFYING coppery potion
 14349 | Lair:2   | 14349 ||| DROPPING potion of attraction.
 14350 | Lair:2   | 14350 ||| DROPPING potion of berserk rage.
 14487 | Lair:3   | Noticed a seven-headed hydra
 14492 | Lair:3   | 14492 ||| INVOKING Berserk.
 14495 | Lair:3   | Killed a four-headed hydra
 14575 | Lair:3   | 14575 ||| Stepping ~*~*~tactically~*~*~ (stealth).
 14685 | Lair:3   | 14685 ||| Stepping ~*~*~tactically~*~*~ (stealth).
 14689 | Lair:3   | 14689 ||| Stepping ~*~*~tactically~*~*~ (stealth).
 14690 | Lair:3   | 14690 ||| Stepping ~*~*~tactically~*~*~ (stealth).
 14697 | Lair:3   | 14697 ||| INVOKING Berserk.
 14701 | Lair:3   | Reached XP level 13. HP: 119/119 MP: 12/12
 14704 | Lair:3   | Reached skill level 15 in Axes
 14924 | Lair:3   | 14924 ||| INVOKING Berserk.
 15304 | Lair:3   | 15304 ||| Stepping ~*~*~tactically~*~*~ (stealth).
 15673 | Lair:4   | 15673 ||| INVOKING Berserk.
 15793 | Lair:4   | 15793 ||| Stepping ~*~*~tactically~*~*~ (hiding).
 15794 | Lair:4   | 15794 ||| Stepping ~*~*~tactically~*~*~ (hiding).
 15919 | Lair:4   | 15919 ||| INVOKING Berserk.
 16098 | Lair:4   | 16098 ||| Stepping ~*~*~tactically~*~*~ (stealth).
 16372 | Lair:4   | 16372 ||| READING scroll of enchant weapon.
 16372 | Lair:4   | 16372 ||| ENCHANTING +0 broad axe of flaming.
 16411 | Lair:4   | 16411 ||| INVOKING Berserk.
 16550 | Lair:4   | 16550 ||| Stepping ~*~*~tactically~*~*~ (hiding).
 16686 | Lair:4   | 16686 ||| Stepping ~*~*~tactically~*~*~ (stealth).
 16893 | Lair:5   | Entered Level 5 of the Lair of Beasts
 16904 | Lair:5   | 16904 ||| Stepping ~*~*~tactically~*~*~ (stealth).
 16910 | Lair:5   | 16910 ||| INVOKING Berserk.
 16921 | Lair:5   | 16921 ||| FLEEEEING.
 16922 | Lair:5   | 16922 ||| STAIRDANCE
 16989 | Lair:5   | 16989 ||| STAIRDANCE
 16990 | Lair:5   | 16990 ||| STAIRDANCE
 17120 | Lair:5   | 17120 ||| Stepping ~*~*~tactically~*~*~ (stealth).
 17147 | Lair:5   | 17147 ||| INVOKING Berserk.
 17340 | Lair:5   | 17340 ||| INVOKING Berserk.
 17352 | Lair:5   | Reached skill level 18 in Axes
 17353 | Lair:5   | Reached skill level 13 in Fighting
 17447 | Lair:5   | 17447 ||| INVOKING Berserk.
 17580 | Lair:5   | 17580 ||| INVOKING Berserk.
 17734 | Lair:5   | Reached skill level 12 in Armour
 17734 | Lair:5   | 17734 ||| Stepping ~*~*~tactically~*~*~ (stealth).
 17735 | Lair:5   | 17735 ||| INVOKING Berserk.
 17805 | Lair:5   | 17805 ||| Stepping ~*~*~tactically~*~*~ (hiding).
 17806 | Lair:5   | 17806 ||| Stepping ~*~*~tactically~*~*~ (hiding).
 17840 | Lair:5   | 17840 ||| Stepping ~*~*~tactically~*~*~ (stealth).
 17842 | Lair:5   | 17842 ||| Stepping ~*~*~tactically~*~*~ (hiding).
 17851 | Lair:5   | 17851 ||| Stepping ~*~*~tactically~*~*~ (stealth).
 17853 | Lair:5   | 17853 ||| Stepping ~*~*~tactically~*~*~ (hiding).
 17854 | Lair:5   | 17854 ||| INVOKING Berserk.
 17884 | Lair:5   | 17884 ||| Stepping ~*~*~tactically~*~*~ (stealth).
 17887 | Lair:5   | 17887 ||| INVOKING Brothers in Arms.
 17919 | Lair:5   | 17919 ||| INVOKING Berserk.
 17931 | Lair:5   | Reached XP level 14. HP: 129/129 MP: 13/13
 18060 | Lair:5   | 18060 ||| INVOKING Berserk.
 18068 | Lair:5   | Reached skill level 14 in Fighting
 18180 | Lair:5   | Found a corrupted altar of Lugonu.
 18180 | Lair:5   | Found a one-way gate to the infinite horrors of the Abyss.
 18260 | Lair:5   | 18260 ||| Stepping ~*~*~tactically~*~*~ (stealth).
 18284 | Lair:5   | Found a staircase to the Slime Pits.
 18285 | Lair:5   | Found a viscous altar of Jiyva.
 18491 | Lair:5   | 18491 ||| Stepping ~*~*~tactically~*~*~ (stealth).
 18492 | Lair:5   | 18492 ||| Stepping ~*~*~tactically~*~*~ (stealth).
 18795 | Lair:5   | 18795 ||| PLANNING D:1-11
 18795 | Lair:5   | 18795 ||| DROPPING scarf of invisibility.
 18934 | D:11     | Identified the +7 war axe of False Accusations {vorpal, rF+
                  | rC+ Will- Str+7} (Trog gifted it to you on level 11 of the
                  | Dungeon)
 18934 | D:11     | Received a gift from Trog
 18938 | D:11     | 18938 ||| SWAPPING to +7 war axe of False Accusations
                  | {vorpal, rF+ rC+ Will- Str+7}.
 19191 | D:11     | Found a staircase to the Orcish Mines.
 19204 | D:11     | Noticed Maurice
 19205 | D:11     | Noticed Erica
 19206 | D:11     | 19206 ||| INVOKING Brothers in Arms.
 19211 | D:11     | Killed Maurice
 19213 | D:11     | Killed Erica
 19539 | D:11     | 19539 ||| PLANNING D
 19686 | D:12     | Reached skill level 6 in Throwing
 19827 | D:12     | 19827 ||| Stepping ~*~*~tactically~*~*~ (stealth).
 19925 | D:12     | 19925 ||| DRINKING potion of curing.
 19925 | D:12     | 19925 ||| (to cure confusion)
 19946 | D:12     | 19946 ||| INVOKING Brothers in Arms.
 19948 | D:12     | 19948 ||| SWAPPING to +1 broad axe of flaming.
 19949 | D:12     | 19949 ||| INVOKING Berserk.
 19956 | D:12     | 19956 ||| SWAPPING to +7 war axe of False Accusations
                  | {vorpal, rF+ rC+ Will- Str+7}.
 20109 | D:12     | Noticed Sonja
 20110 | D:12     | 20110 ||| INVOKING Brothers in Arms.
 20121 | D:12     | Killed Sonja
 20342 | D:12     | 20342 ||| Stepping ~*~*~tactically~*~*~ (stealth).
 20455 | D:12     | 20455 ||| Stepping ~*~*~tactically~*~*~ (hiding).
 20477 | D:12     | 20477 ||| Stepping ~*~*~tactically~*~*~ (stealth).
 20491 | D:12     | 20491 ||| Stepping ~*~*~tactically~*~*~ (stealth).
 20524 | D:12     | 20524 ||| Stepping ~*~*~tactically~*~*~ (stealth).
 20527 | D:12     | 20527 ||| Stepping ~*~*~tactically~*~*~ (stealth).
 20530 | D:12     | 20530 ||| Stepping ~*~*~tactically~*~*~ (hiding).
 20653 | D:12     | Noticed Frances
 20655 | D:12     | 20655 ||| Stepping ~*~*~tactically~*~*~ (hiding).
 20656 | D:12     | 20656 ||| Stepping ~*~*~tactically~*~*~ (hiding).
 20659 | D:12     | 20659 ||| INVOKING Berserk.
 20663 | D:12     | Killed Frances
 20986 | D:13     | 20986 ||| STAIRDANCE
 21010 | D:13     | 21010 ||| STAIRDANCE
 21062 | D:13     | 21062 ||| Stepping ~*~*~tactically~*~*~ (hiding).
 21063 | D:13     | 21063 ||| Stepping ~*~*~tactically~*~*~ (hiding).
 21065 | D:13     | 21065 ||| Stepping ~*~*~tactically~*~*~ (hiding).
 21066 | D:13     | 21066 ||| Stepping ~*~*~tactically~*~*~ (hiding).
 21072 | D:13     | Reached skill level 15 in Fighting
 21153 | D:13     | 21153 ||| INVOKING Berserk.
 21318 | D:13     | 21318 ||| Stepping ~*~*~tactically~*~*~ (stealth).
 21320 | D:13     | 21320 ||| INVOKING Brothers in Arms.
 21321 | D:13     | 21321 ||| SWAPPING to +1 broad axe of flaming.
 21322 | D:13     | 21322 ||| INVOKING Berserk.
 21336 | D:13     | 21336 ||| SWAPPING to +7 war axe of False Accusations
                  | {vorpal, rF+ rC+ Will- Str+7}.
 21553 | D:13     | Found a gate to the Vaults.
 21554 | D:13     | 21554 ||| INVOKING Trog's Hand.
 21686 | D:13     | 21686 ||| INVOKING Berserk.
 21689 | D:13     | Noticed Snorg
 21701 | D:13     | Killed Snorg
 21710 | D:13     | HP: 31/135 [skeletal warrior/+0 mace (7)]
 21711 | D:13     | 21711 ||| READING 3 scrolls of teleportation.
 21712 | D:13     | 21712 ||| DRINKING 5 potions of heal wounds.
 22004 | D:13     | 22004 ||| INVOKING Berserk.
 22146 | D:13     | 22146 ||| Stepping ~*~*~tactically~*~*~ (hiding).
 22147 | D:13     | 22147 ||| Stepping ~*~*~tactically~*~*~ (hiding).
 22170 | D:13     | 22170 ||| Stepping ~*~*~tactically~*~*~ (stealth).
 22172 | D:13     | 22172 ||| Stepping ~*~*~tactically~*~*~ (hiding).
 22177 | D:13     | 22177 ||| Stepping ~*~*~tactically~*~*~ (hiding).
 22349 | D:13     | 22349 ||| INVOKING Berserk.
 22908 | D:13     | 22908 ||| DROPPING ring of ice.
 22947 | D:14     | 22947 ||| Stepping ~*~*~tactically~*~*~ (stealth).
 22949 | D:14     | 22949 ||| Stepping ~*~*~tactically~*~*~ (hiding).
 22984 | D:14     | Reached XP level 15. HP: 138/141 MP: 14/14
 23252 | D:14     | Reached skill level 6 in Dodging
 23416 | D:14     | 23416 ||| Stepping ~*~*~tactically~*~*~ (hiding).
 23646 | D:14     | 23646 ||| INVOKING Berserk.
 23653 | D:14     | Reached skill level 15 in Shields
 23816 | D:15     | Entered Level 15 of the Dungeon
 23856 | D:15     | Noticed Nessos
 23857 | D:15     | 23857 ||| Stepping ~*~*~tactically~*~*~ (hiding).
 23860 | D:15     | 23860 ||| INVOKING Brothers in Arms.
 23861 | D:15     | 23861 ||| INVOKING Brothers in Arms.
 23862 | D:15     | Killed Nessos
 23954 | D:15     | 23954 ||| Stepping ~*~*~tactically~*~*~ (stealth).
 23956 | D:15     | 23956 ||| Stepping ~*~*~tactically~*~*~ (stealth).
 23958 | D:15     | 23958 ||| Stepping ~*~*~tactically~*~*~ (hiding).
 23961 | D:15     | 23961 ||| INVOKING Berserk.
 24127 | D:15     | 24127 ||| INVOKING Berserk.
 24298 | D:15     | Reached skill level 16 in Fighting
 24303 | D:15     | Found a staircase to the Depths.
 24304 | D:15     | Noticed a fire giant
 24314 | D:15     | Killed a fire giant
 24836 | D:15     | 24836 ||| PLANNING ORC
 24836 | D:15     | 24836 ||| READING scroll labelled VELESK HUOGAHO.
 24951 | Orc:1    | Entered Level 1 of the Orcish Mines
 25084 | Orc:1    | 25084 ||| Stepping ~*~*~tactically~*~*~ (hiding).
 25085 | Orc:1    | 25085 ||| Stepping ~*~*~tactically~*~*~ (hiding).
 25086 | Orc:1    | 25086 ||| Stepping ~*~*~tactically~*~*~ (hiding).
 25087 | Orc:1    | 25087 ||| INVOKING Trog's Hand.
 25088 | Orc:1    | 25088 ||| INVOKING Berserk.
 25198 | Orc:1    | 25198 ||| Stepping ~*~*~tactically~*~*~ (stealth).
 25200 | Orc:1    | 25200 ||| Stepping ~*~*~tactically~*~*~ (stealth).
 25208 | Orc:1    | 25208 ||| Stepping ~*~*~tactically~*~*~ (stealth).
 25213 | Orc:1    | 25213 ||| Stepping ~*~*~tactically~*~*~ (stealth).
 25352 | Orc:2    | Entered Level 2 of the Orcish Mines
 25359 | Orc:2    | 25359 ||| INVOKING Brothers in Arms.
 25364 | Orc:2    | 25364 ||| INVOKING Berserk.
 25490 | Orc:2    | 25490 ||| Stepping ~*~*~tactically~*~*~ (stealth).
 25506 | Orc:2    | 25506 ||| Stepping ~*~*~tactically~*~*~ (stealth).
 25512 | Orc:2    | 25512 ||| INVOKING Trog's Hand.
 25517 | Orc:2    | 25517 ||| INVOKING Berserk.
 25851 | Orc:2    | 25851 ||| Stepping ~*~*~tactically~*~*~ (hiding).
 25856 | Orc:2    | Noticed Urug
 25857 | Orc:2    | 25857 ||| Stepping ~*~*~tactically~*~*~ (stealth).
 25883 | Orc:2    | 25883 ||| Stepping ~*~*~tactically~*~*~ (stealth).
 25884 | Orc:2    | 25884 ||| Stepping ~*~*~tactically~*~*~ (stealth).
 25892 | Orc:2    | 25892 ||| Stepping ~*~*~tactically~*~*~ (stealth).
 25894 | Orc:2    | 25894 ||| INVOKING Brothers in Arms.
 25895 | Orc:2    | 25895 ||| INVOKING Berserk.
 25898 | Orc:2    | Killed Urug
 26213 | Orc:2    | 26213 ||| Stepping ~*~*~tactically~*~*~ (hiding).
 26394 | Orc:2    | 26394 ||| Stepping ~*~*~tactically~*~*~ (stealth).
 26398 | Orc:2    | 26398 ||| Stepping ~*~*~tactically~*~*~ (stealth).
 26400 | Orc:2    | 26400 ||| Stepping ~*~*~tactically~*~*~ (hiding).
 26405 | Orc:2    | 26405 ||| Stepping ~*~*~tactically~*~*~ (hiding).
 26406 | Orc:2    | 26406 ||| Stepping ~*~*~tactically~*~*~ (hiding).
 26409 | Orc:2    | 26409 ||| INVOKING Trog's Hand.
 26414 | Orc:2    | 26414 ||| INVOKING Berserk.
 26471 | Orc:2    | 26471 ||| INVOKING Berserk.
 26474 | Orc:2    | Reached skill level 15 in Armour
 26490 | Orc:2    | Noticed an orc warlord
 26506 | Orc:2    | 26506 ||| INVOKING Brothers in Arms.
 26507 | Orc:2    | Killed an orc warlord
 26720 | Orc:2    | Found Tor Qeeb's Antique Armour Shoppe.
 26722 | Orc:2    | Found Plog's Antique Weapon Emporium.
 26729 | Orc:2    | 26729 ||| BUYING heavily runed chain mail (294 gold).
 26729 | Orc:2    | Bought a heavily runed chain mail for 294 gold pieces
 26729 | Orc:2    | Identified the +0 chain mail "Vutoull" {Str+3} (You bought
                  | it in a shop on level 2 of the Orcish Mines)
 26729 | Orc:2    | 26729 ||| BUYING pair of embroidered gloves (232 gold).
 26729 | Orc:2    | Bought a pair of embroidered gloves for 232 gold pieces
 26755 | Orc:2    | Found Cyull's Antique Weapon Shop.
 26797 | Orc:2    | 26797 ||| Stepping ~*~*~tactically~*~*~ (hiding).
 26798 | Orc:2    | 26798 ||| Stepping ~*~*~tactically~*~*~ (hiding).
 26800 | Orc:2    | 26800 ||| Stepping ~*~*~tactically~*~*~ (hiding).
 26802 | Orc:2    | 26802 ||| Stepping ~*~*~tactically~*~*~ (hiding).
 26838 | Orc:2    | Found Zeff's Jewellery Shoppe.
 26850 | Orc:2    | 26850 ||| BUYING ring "Masu" {Str+6 Dex+4} (771 gold).
 26850 | Orc:2    | Bought the ring "Masu" {Str+6 Dex+4} for 771 gold pieces
 26915 | Orc:2    | Found a staircase to the Elven Halls.
 26990 | Orc:2    | Found Riekh's Antique Weapon Emporium.
 26992 | Orc:2    | 26992 ||| Stepping ~*~*~tactically~*~*~ (hiding).
 26995 | Orc:2    | 26995 ||| INVOKING Berserk.
 27145 | Orc:2    | 27145 ||| UPGRADING to +3 chain mail of willpower.
 27155 | Orc:2    | 27155 ||| DROPPING +0 chain mail "Vutoull" {Str+3}.
 27156 | Orc:2    | 27156 ||| DROPPING +1 pair of gloves.
 27157 | Orc:2    | 27157 ||| DROPPING +6 ring of strength.
 27158 | Orc:2    | 27158 ||| DROPPING ring of see invisible.
 27159 | Orc:2    | 27159 ||| UPGRADING to ring "Masu" {Str+6 Dex+4}.
 27249 | Orc:1    | 27249 ||| Stepping ~*~*~tactically~*~*~ (hiding).
 27253 | Orc:1    | 27253 ||| INVOKING Trog's Hand.
 27254 | Orc:1    | 27254 ||| INVOKING Berserk.
 27429 | Orc:1    | 27429 ||| PLANNING SPIDER:1-3
 27582 | Spider:1 | Entered Level 1 of the Spider Nest
 27657 | Spider:1 | Received a gift from Trog
 27939 | Spider:1 | Identified the +0 kite shield of the Fife {rPois}
 28005 | Spider:2 | 28005 ||| INVOKING Brothers in Arms.
 28015 | Spider:2 | 28015 ||| STAIRDANCE
 28017 | Spider:1 | 28017 ||| INVOKING Brothers in Arms.
 28018 | Spider:1 | 28018 ||| INVOKING Brothers in Arms.
 28019 | Spider:1 | 28019 ||| INVOKING Berserk.
 28032 | Spider:1 | HP: 36/145 [poisoned by a redback]
 28349 | Spider:2 | 28349 ||| STAIRDANCE
 28357 | Spider:1 | Reached skill level 9 in Dodging
 28402 | Spider:2 | 28402 ||| INVOKING Brothers in Arms.
 28486 | Spider:2 | 28486 ||| Stepping ~*~*~tactically~*~*~ (stealth).
 28487 | Spider:2 | 28487 ||| Stepping ~*~*~tactically~*~*~ (stealth).
 28488 | Spider:2 | 28488 ||| Stepping ~*~*~tactically~*~*~ (stealth).
 28489 | Spider:2 | 28489 ||| Stepping ~*~*~tactically~*~*~ (stealth).
 28494 | Spider:2 | Noticed Donald
 28495 | Spider:2 | 28495 ||| Stepping ~*~*~tactically~*~*~ (stealth).
 28498 | Spider:2 | 28498 ||| INVOKING Berserk.
 28507 | Spider:2 | Reached skill level 17 in Fighting
 28507 | Spider:2 | Killed Donald
 28524 | Spider:2 | 28524 ||| Stepping ~*~*~tactically~*~*~ (stealth).
 28573 | Spider:2 | 28573 ||| Stepping ~*~*~tactically~*~*~ (stealth).
 28575 | Spider:2 | 28575 ||| Stepping ~*~*~tactically~*~*~ (stealth).
 28577 | Spider:2 | 28577 ||| Stepping ~*~*~tactically~*~*~ (stealth).
 28588 | Spider:2 | 28588 ||| Stepping ~*~*~tactically~*~*~ (stealth).
 28589 | Spider:2 | 28589 ||| Stepping ~*~*~tactically~*~*~ (stealth).
 28590 | Spider:2 | 28590 ||| Stepping ~*~*~tactically~*~*~ (stealth).
 28596 | Spider:2 | 28596 ||| Stepping ~*~*~tactically~*~*~ (stealth).
 28609 | Spider:2 | Reached XP level 16. HP: 155/155 MP: 15/15
 28627 | Spider:2 | 28627 ||| Stepping ~*~*~tactically~*~*~ (stealth).
 28628 | Spider:2 | Identified Roxanne's Meditations on Transmigration
 28628 | Spider:2 | Noticed Roxanne
 28635 | Spider:2 | 28635 ||| INVOKING Berserk.
 28644 | Spider:2 | Killed Roxanne
 28648 | Spider:2 | 28648 ||| FLEEEEING.
 28657 | Spider:2 | 28657 ||| STAIRDANCE
 28888 | Spider:1 | 28888 ||| UPGRADING to +3 plate armour of poison
                  | resistance.
 28898 | Spider:1 | 28898 ||| DROPPING +3 chain mail of willpower.
 28899 | Spider:1 | 28899 ||| DROPPING +0 plate armour.
 28908 | Spider:2 | 28908 ||| Stepping ~*~*~tactically~*~*~ (stealth).
 28909 | Spider:2 | 28909 ||| Stepping ~*~*~tactically~*~*~ (stealth).
 28910 | Spider:2 | 28910 ||| Stepping ~*~*~tactically~*~*~ (stealth).
 28920 | Spider:2 | 28920 ||| Stepping ~*~*~tactically~*~*~ (stealth).
 28942 | Spider:2 | 28942 ||| Stepping ~*~*~tactically~*~*~ (stealth).
 28943 | Spider:2 | 28943 ||| Stepping ~*~*~tactically~*~*~ (stealth).
 28944 | Spider:2 | 28944 ||| Stepping ~*~*~tactically~*~*~ (stealth).
 28945 | Spider:2 | 28945 ||| INVOKING Brothers in Arms.
 28958 | Spider:2 | 28958 ||| INVOKING Brothers in Arms.
 28959 | Spider:2 | 28959 ||| INVOKING Brothers in Arms.
 28960 | Spider:2 | 28960 ||| INVOKING Brothers in Arms.
 29061 | Spider:2 | 29061 ||| Stepping ~*~*~tactically~*~*~ (stealth).
 29062 | Spider:2 | 29062 ||| Stepping ~*~*~tactically~*~*~ (stealth).
 29243 | Spider:2 | 29243 ||| Stepping ~*~*~tactically~*~*~ (stealth).
 29406 | Spider:2 | 29406 ||| INVOKING Berserk.
 29880 | Spider:2 | 29880 ||| DROPPING ring of fire.
 30100 | Spider:1 | 30100 ||| Stepping ~*~*~tactically~*~*~ (stealth).
 30393 | Spider:1 | 30393 ||| INVOKING Berserk.
 31076 | Spider:3 | 31076 ||| INVOKING Berserk.
 31086 | Spider:3 | 31086 ||| STAIRDANCE
 31197 | Spider:3 | 31197 ||| Stepping ~*~*~tactically~*~*~ (stealth).
 31233 | Spider:3 | 31233 ||| INVOKING Berserk.
 31236 | Spider:3 | Reached skill level 18 in Fighting
 31411 | Spider:3 | 31411 ||| Stepping ~*~*~tactically~*~*~ (hiding).
 31420 | Spider:3 | 31420 ||| INVOKING Brothers in Arms.
 31464 | Spider:3 | 31464 ||| INVOKING Brothers in Arms.
 31465 | Spider:3 | 31465 ||| INVOKING Brothers in Arms.
 31466 | Spider:3 | 31466 ||| INVOKING Brothers in Arms.
 31480 | Spider:3 | 31480 ||| INVOKING Brothers in Arms.
 31487 | Spider:3 | 31487 ||| INVOKING Berserk.
 31536 | Spider:3 | 31536 ||| Stepping ~*~*~tactically~*~*~ (stealth).
 31548 | Spider:3 | 31548 ||| Stepping ~*~*~tactically~*~*~ (stealth).
 31550 | Spider:3 | 31550 ||| Stepping ~*~*~tactically~*~*~ (stealth).
 31581 | Spider:3 | 31581 ||| Stepping ~*~*~tactically~*~*~ (stealth).
 31593 | Spider:3 | 31593 ||| Stepping ~*~*~tactically~*~*~ (stealth).
 31595 | Spider:3 | 31595 ||| FLEEEEING.
 31675 | Spider:3 | 31675 ||| Stepping ~*~*~tactically~*~*~ (stealth).
 31677 | Spider:3 | 31677 ||| Stepping ~*~*~tactically~*~*~ (stealth).
 31696 | Spider:3 | 31696 ||| Stepping ~*~*~tactically~*~*~ (stealth).
 31708 | Spider:3 | 31708 ||| Stepping ~*~*~tactically~*~*~ (stealth).
 31764 | Spider:3 | Lost intelligence.
 31774 | Spider:3 | HP: 39/157 [something (10)]
 31777 | Spider:3 | HP: 19/157 [something (9)]
 31986 | Spider:3 | 31986 ||| Stepping ~*~*~tactically~*~*~ (stealth).
 32070 | Spider:3 | 32070 ||| INVOKING Brothers in Arms.
 32071 | Spider:3 | 32071 ||| INVOKING Brothers in Arms.
 32072 | Spider:3 | 32072 ||| INVOKING Brothers in Arms.
 32073 | Spider:3 | 32073 ||| INVOKING Brothers in Arms.
 32304 | Spider:3 | Reached skill level 9 in Throwing
 32328 | Spider:3 | 32328 ||| PLANNING SWAMP:1-3
 32435 | Swamp:1  | Entered Level 1 of the Swamp
 32439 | Swamp:1  | 32439 ||| INVOKING Berserk.
 32472 | Swamp:1  | 32472 ||| Stepping ~*~*~tactically~*~*~ (stealth).
 32580 | Swamp:1  | 32580 ||| Stepping ~*~*~tactically~*~*~ (stealth).
 32601 | Swamp:1  | 32601 ||| INVOKING Berserk.
 32659 | Swamp:1  | 32659 ||| SWAPPING to +1 broad axe of flaming.
 32662 | Swamp:1  | 32662 ||| SWAPPING to +7 war axe of False Accusations
                  | {vorpal, rF+ rC+ Will- Str+7}.
 32671 | Swamp:1  | 32671 ||| Stepping ~*~*~tactically~*~*~ (hiding).
 32723 | Swamp:1  | 32723 ||| Stepping ~*~*~tactically~*~*~ (stealth).
 32724 | Swamp:1  | 32724 ||| Stepping ~*~*~tactically~*~*~ (stealth).
 32725 | Swamp:1  | 32725 ||| Stepping ~*~*~tactically~*~*~ (stealth).
 32726 | Swamp:1  | 32726 ||| SWAPPING to +1 broad axe of flaming.
 32728 | Swamp:1  | 32728 ||| SWAPPING to +7 war axe of False Accusations
                  | {vorpal, rF+ rC+ Will- Str+7}.
 32730 | Swamp:1  | 32730 ||| SWAPPING to +1 broad axe of flaming.
 32733 | Swamp:1  | 32733 ||| SWAPPING to +7 war axe of False Accusations
                  | {vorpal, rF+ rC+ Will- Str+7}.
 32804 | Swamp:1  | 32804 ||| Stepping ~*~*~tactically~*~*~ (hiding).
 32805 | Swamp:1  | 32805 ||| Stepping ~*~*~tactically~*~*~ (hiding).
 33003 | Swamp:1  | 33003 ||| SWAPPING to +1 broad axe of flaming.
 33007 | Swamp:1  | 33007 ||| SWAPPING to +7 war axe of False Accusations
                  | {vorpal, rF+ rC+ Will- Str+7}.
 33058 | Swamp:1  | 33058 ||| SWAPPING to +1 broad axe of flaming.
 33062 | Swamp:1  | 33062 ||| SWAPPING to +7 war axe of False Accusations
                  | {vorpal, rF+ rC+ Will- Str+7}.
 33179 | Swamp:1  | 33179 ||| DROPPING scarf of shadows.
 33217 | Swamp:2  | 33217 ||| INVOKING Berserk.
 33245 | Swamp:2  | 33245 ||| Stepping ~*~*~tactically~*~*~ (stealth).
 33257 | Swamp:2  | 33257 ||| INVOKING Berserk.
 33312 | Swamp:2  | 33312 ||| INVOKING Berserk.
 33471 | Swamp:2  | Found a runed translucent door.
 33472 | Swamp:2  | Noticed qw's ghost (adept MiBe)
 33630 | Swamp:2  | 33630 ||| Stepping ~*~*~tactically~*~*~ (hiding).
 33870 | Swamp:2  | Reached XP level 17. HP: 149/163 MP: 16/16
 33906 | Swamp:2  | 33906 ||| SWAPPING to +1 broad axe of flaming.
 33911 | Swamp:2  | 33911 ||| SWAPPING to +7 war axe of False Accusations
                  | {vorpal, rF+ rC+ Will- Str+7}.
 34096 | Swamp:2  | 34096 ||| UPGRADING to +2 cloak.
 34130 | Swamp:3  | 34130 ||| INVOKING Berserk.
 34152 | Swamp:3  | 34152 ||| FLEEEEING.
 34158 | Swamp:3  | 34158 ||| SWAPPING to +1 broad axe of flaming.
 34166 | Swamp:3  | 34166 ||| SWAPPING to +7 war axe of False Accusations
                  | {vorpal, rF+ rC+ Will- Str+7}.
 34177 | Swamp:3  | 34177 ||| INVOKING Berserk.
 34373 | Swamp:3  | 34373 ||| READING scroll of enchant armour.
 34373 | Swamp:3  | 34373 ||| ENCHANTING +1 pair of gloves of strength.
 34423 | Swamp:3  | 34423 ||| Stepping ~*~*~tactically~*~*~ (hiding).
 34590 | Swamp:3  | Noticed Jorgrun
 34592 | Swamp:3  | 34592 ||| Stepping ~*~*~tactically~*~*~ (stealth).
 34593 | Swamp:3  | 34593 ||| Stepping ~*~*~tactically~*~*~ (stealth).
 34594 | Swamp:3  | 34594 ||| Stepping ~*~*~tactically~*~*~ (stealth).
 34608 | Swamp:3  | Killed Jorgrun
 34665 | Swamp:3  | 34665 ||| Stepping ~*~*~tactically~*~*~ (hiding).
 34666 | Swamp:3  | 34666 ||| Stepping ~*~*~tactically~*~*~ (hiding).
 34820 | Swamp:3  | 34820 ||| Stepping ~*~*~tactically~*~*~ (hiding).
 34998 | Swamp:3  | 34998 ||| INVOKING Berserk.
 35003 | Swamp:3  | Reached skill level 19 in Fighting
 35010 | Swamp:3  | 35010 ||| SWAPPING to +1 broad axe of flaming.
 35013 | Swamp:3  | 35013 ||| SWAPPING to +7 war axe of False Accusations
                  | {vorpal, rF+ rC+ Will- Str+7}.
 35194 | Swamp:3  | 35194 ||| INVOKING Berserk.
 35425 | Swamp:3  | 35425 ||| PLANNING SPIDER:4
 35425 | Swamp:3  | 35425 ||| UPGRADING to +2 ratskin cloak {*Rats rPois rN+
                  | Str-1 Int-1 Dex+1}.
 35580 | Spider:4 | Entered Level 4 of the Spider Nest
 35587 | Spider:4 | 35587 ||| STAIRDANCE
 35660 | Spider:4 | 35660 ||| INVOKING Berserk.
 35795 | Spider:4 | 35795 ||| INVOKING Brothers in Arms.
 35796 | Spider:4 | 35796 ||| DRINKING 2 potions of resistance.
 35806 | Spider:4 | 35806 ||| INVOKING Berserk.
 35807 | Spider:4 | HP: 54/252 [meliai/divine providence (16)]
 35812 | Spider:4 | HP: 26/252 [demonic crawler (6)]
 35813 | Spider:4 | HP: 8/252 [spark wasp (5)]
 35814 | Spider:4 | Slain by a spark wasp

Levels and vault maps discovered:
D:1:      elethiomel_arrival_maze, layout_loops_ring, minmay_tripent
D:2:      layout_rooms, shapermc_ecumenical_altar_mp_urbaneastern,
          serial_bayou_pond_e
D:3:      layout_basic, serial_shops, shop
D:4:      layout_loops_corners, minmay_temple_entry_glassed_door,
          gup_ossuary_entry_pyramid
D:5:      layout_loops_cross, minitemple, elyvilon_altar_5,
          makhleb_grotto_becter, minmay_misc_feat_iff,
          minmay_a_box_with_orc_wizards_in_it
D:6:      kennysheep_steamy, layout_rooms, mainiacjoe_overflow_six_doors_small,
          serial_shops, nicolae_shop_trees, minmay_small_thing, uniq_menkaure,
          uniq_edmund, uniq_sigmund
D:7:      layout_loops_ring, gammafunk_ghost_gnarly_gnolls
D:8:      layout_gridville, okawaru_trees_2
D:9:      layout_basic, interstate_on_off, minmay_alternating_orb
D:10:     layout_gridville, minmay_lair_entry_grove, minmay_checkerbox,
          uniq_grum
D:11:     layout_basic, orc_0_dummy, uniq_erica, uniq_maurice
D:12:     minmay_goldmine, layout_stronghold, uniq_frances, uniq_sonja
D:13:     layout_basic, david_vaults_1, uniq_snorg
D:14:     layout_roguey, serial_bayou, serial_bayou_pond_e,
          serial_bayou_crossing, serial_bayou_pond_c,
          nicolae_looking_at_the_future
D:15:     grunt_enter_depths_giant_problem, layout_loops_ring,
          nicolae_water_bricks, minmay_misc_feat_roman, uniq_nessos
Lair:1:   layout_gridlike, gammafunk_ghost_necromancy, infiniplex_staircase_pool
Lair:2:   layout_regular_city, swamp_mist, hellmonk_spider_entry_not_the_bees,
          serial_rivers, chequers_serial_rivers_large_a,
          chequers_serial_rivers_micro_b, chequers_serial_rivers_marsh,
          chequers_serial_rivers_marsh, chequers_serial_rivers_large_b,
          chequers_serial_rivers_micro_c, uniq_harold
Lair:3:   layout_hall_layers, serial_bayou_shore_a
Lair:4:   layout_concentric_octagons, chequers_serial_rivers_room_b,
          lemuel_fruit_fields
Lair:5:   hellmonk_lair_end_abyssal_woods, layout_regular_city,
          nicolae_slime_entry_slimehenge, grunt_megastairs_5,
          lemuel_fruit_fields
Swamp:1:  layout_basic_swamp, evilmike_swamp_ruin_house_6, swamp_pool5,
          nicolae_swamp_baby_hydras
Swamp:2:  layout_falls_marsh, gammafunk_ghost_grave, nicolae_swamp_tree_designs
Swamp:3:  layout_basic_swamp, evilmike_swamp_ruin_house_4,
          nicolae_swamp_stair_fork, uniq_jorgrun
Spider:1: lemuel_spider_zombies
Spider:2: nicolae_spider_jumping_over_cracks [nicolae_spider_jumping_sub_moat,
          nicolae_spider_jumping_sub_empty, nicolae_spider_jumping_sub_pools,
          nicolae_spider_jumping_sub_divot], drop_trap,
          nicolae_spider_cling_halls, uniq_roxanne, uniq_donald
Spider:3: layout_spider_delve, hellmonk_test_site
Spider:4: hellmonk_spider_rune_bug_friends, hive_lemuel
Orc:1:    layout_caves
Orc:2:    grunt_orc_community_town_hall, layout_caves,
          grunt_orc_community_big_house_1, grunt_orc_community_big_house_2,
          grunt_orc_community_house_1, grunt_orc_community_house_3,
          grunt_orc_community_house_1, grunt_orc_community_house_2,
          grunt_orc_community_house_2, grunt_orc_community_house_1,
          serial_shops, nicolae_diamond_shop, basic_altar,
          nicolae_orc_tapped_out, uniq_urug

Skill      XL: |  1  2  3  4  5  6  7  8  9 10 11 12 13 14 15 16 17 |
---------------+----------------------------------------------------+-----
Axes           | 4 5 6 7 8 9 10 12 14 18 | 18.0
Fighting       | 4 5 6 7 8 11 12 13 15 17 18 19 | 19.0
Throwing       | 2 3 5 7 8 9 |  9.0
Shields        | 7 9 11 13 14 15 16 17 | 17.0
Armour         | 3 6 8 10 11 12 14 15 17 | 17.3
Dodging        | 3 4 5 9 10 | 10.0

Action                   |  1- 3 |  4- 6 |  7- 9 | 10-12 | 13-15 | 16-18 || total
-------------------------+-------+-------+-------+-------+-------+-------++-------
Melee: Hand axe          |    85 |    99 |   304 |   539 |       |       ||  1027
       Headbutt          |    10 |    18 |    50 |   126 |   149 |    96 ||   449
       Punch             |     1 |     1 |     3 |       |       |       ||     5
       Broad axe         |       |       |       |    27 |   266 |    18 ||   311
       War axe           |       |       |       |       |   553 |   420 ||   973
Throw: Boomerang         |     9 |    78 |    18 |    49 |   118 |     8 ||   280
       Javelin           |       |       |    29 |    30 |    92 |    78 ||   229
Invok: Berserk           |     3 |     4 |     9 |    19 |    33 |    17 ||    85
       Brothers in Arms  |       |       |       |     3 |    13 |     7 ||    23
       Trog's Hand       |       |       |       |       |     5 |       ||     5
  Use: Scroll            |     4 |    13 |     3 |     9 |     3 |     1 ||    33
       Potion            |     1 |     5 |     1 |     5 |     2 |     1 ||    15
 Stab: Distracted        |       |       |       |       |     3 |     1 ||     4
       Confused          |       |       |       |       |       |     1 ||     1
Armor: Animal skin       |     5 |       |       |       |       |       ||     5
       Leather armour    |     5 |       |       |       |       |       ||     5
       Scale mail        |       |    21 |    11 |       |       |       ||    32
       Chain mail        |       |       |    53 |       |    43 |     9 ||   105
       Plate armour      |       |       |    13 |   192 |   182 |   217 ||   604
Dodge: Dodged            |    42 |    21 |    55 |    87 |   138 |   142 ||   485
Block: Other             |       |    10 |    10 |       |       |       ||    20
       Reflection        |       |     2 |     8 |     6 |    33 |     7 ||    56
       Kite shield       |       |       |   109 |   378 |   486 |   399 ||  1372

Table legend:
 A = Non-vault XP
 B = Vault XP
 C = Vault XP percentage of total XP
 D = Non-vault monster count
 E = Vault monster count
 F = Vault count percentage of total count
                 A         B        C        D         E       F
            +---------+---------+-------+---------+---------+-------
      Total |  171758 |   69723 |  28.9 |     681 |     297 |  30.4
            +---------+---------+-------+---------+---------+-------
        D:1 |      58 |       4 |   6.5 |      24 |       2 |   7.7
        D:2 |      42 |       0 |   0.0 |      13 |       0 |   0.0
        D:3 |      33 |       0 |   0.0 |      13 |       0 |   0.0
        D:4 |     343 |      18 |   5.0 |      29 |       1 |   3.3
        D:5 |     724 |     119 |  14.1 |      30 |       3 |   9.1
        D:6 |     376 |    1513 |  80.1 |      13 |       7 |  35.0
        D:7 |    1227 |       0 |   0.0 |      24 |       0 |   0.0
        D:8 |    1957 |       0 |   0.0 |      32 |       0 |   0.0
        D:9 |    4152 |    2721 |  39.6 |      36 |      15 |  29.4
       D:10 |    2478 |    3764 |  60.3 |      17 |      17 |  50.0
       D:11 |    1983 |    1262 |  38.9 |       8 |       2 |  20.0
       D:12 |    8784 |    2555 |  22.5 |      27 |      13 |  32.5
       D:13 |   12088 |    2422 |  16.7 |      30 |       4 |  11.8
       D:14 |    6089 |    1860 |  23.4 |      14 |      15 |  51.7
       D:15 |    6547 |    1973 |  23.2 |      17 |       2 |  10.5
     Lair:1 |   11871 |       0 |   0.0 |      50 |       0 |   0.0
     Lair:2 |    2248 |    1432 |  38.9 |       8 |       7 |  46.7
     Lair:3 |    4702 |       0 |   0.0 |      13 |       0 |   0.0
     Lair:4 |    6970 |     261 |   3.6 |      22 |       1 |   4.3
     Lair:5 |   10977 |   13514 |  55.2 |      21 |      52 |  71.2
    Swamp:1 |    7741 |    4686 |  37.7 |      19 |       8 |  29.6
    Swamp:2 |    8229 |       0 |   0.0 |      20 |       0 |   0.0
    Swamp:3 |   12946 |    1840 |  12.4 |      36 |       1 |   2.7
   Spider:1 |   12739 |    8071 |  38.8 |      33 |      23 |  41.1
   Spider:2 |   20542 |    5714 |  21.8 |      51 |      15 |  22.7
   Spider:3 |   19167 |     846 |   4.2 |      39 |       1 |   2.5
   Spider:4 |    2648 |    6493 |  71.0 |       4 |      13 |  76.5
      Orc:1 |    1449 |       0 |   0.0 |       9 |       0 |   0.0
      Orc:2 |    2648 |    8502 |  76.3 |      29 |      79 |  73.1
    Ossuary |       0 |     153 | 100.0 |       0 |      16 | 100.0
            +---------+---------+-------+---------+---------+-------
